 Dungeon Crawl Stone Soup version 0.30.1-11-g7821555f0a (webtiles) character file.

Game seed: 1767242099326166715

11375 Peloso the Carver (level 11, 0/97 (99) HPs)
             Began as a Minotaur Fighter on Oct 28, 2023.
             Was an Elder of Okawaru.
             Slain by a death scarab (14 damage)
             ... in a Gauntlet.
             The game lasted 00:24:05 (12595 turns).

Peloso the Carver (Minotaur Fighter)               Turns: 12595, Time: 00:24:05

HP:   0/97 (99)     AC: 22    Str: 22    XL:     11   Next: 48%
MP:   0/10          EV: 10    Int:  5    God:    Okawaru [****..]
Gold: 349           SH:  6    Dex: 16    Spells: 10/10 levels left

rFire   . . .        a - +5 scimitar
rCold   + . .        c - +0 buckler
rNeg    . . .        H - +7 chain mail of Jeduep {Dex+3}
rPois   +            (helmet restricted)
rElec   .            w - +0 cloak
rCorr   .            o - +0 pair of gloves
SInv    .            (no boots)
Will    .....        v - amulet of guardian spirit Stlth
                     s - ring of protection from cold
HPRegen 0.36/turn    x - ring of poison resistance
MPRegen 0.12/turn

%: no teleportation, guardian spirit
@: slowed, lightly drained, very slow
A: horns 2, retaliatory headbutt
a: Renounce Religion, Heroism, Finesse


You were in a Gauntlet.
You worshipped Okawaru.
Okawaru was greatly pleased with you.
You visited 2 branches of the dungeon, and saw 13 of its levels.
You also visited: Gauntlet.

You collected 548 gold pieces.
You spent 199 gold pieces at shops.

Inventory:

Hand Weapons
 a - a +5 scimitar (weapon)
 b - a +3 long sword
Armour
 c - a +0 buckler (worn)
 o - a +0 pair of gloves (worn)
 w - a +0 cloak (worn)
 y - +0 acid dragon scales
 H - the +7 chain mail of Jeduep (worn) {Dex+3}
   (You bought it in a shop on level 10 of the Dungeon)

   Dex:       It affects your dexterity (+3).
Jewellery
 g - a +5 ring of evasion
 s - a ring of protection from cold (left hand)
 u - a ring of magical power
 v - an amulet of guardian spirit (around neck)
 x - a ring of poison resistance (right hand)
 C - a +5 ring of evasion
Wands
 e - a wand of polymorph (4)
 f - a wand of roots (16)
 q - a wand of paralysis (13)
 B - a wand of digging (2)
Scrolls
 h - 3 scrolls of teleportation
 i - a scroll of blinking
 j - 2 scrolls of fog
 l - 3 scrolls of silence
 p - 4 scrolls of fear
 r - a scroll of amnesia
 z - a scroll of poison
Potions
 d - a potion of might
 k - 2 potions of haste
 m - a potion of berserk rage
 n - 3 potions of lignification
 t - a potion of curing
 A - 2 potions of brilliance


   Skills:
 + Level 9.8 Fighting
 + Level 13.8 Long Blades
 + Level 11.7 Armour
 + Level 4.6 Dodging
 + Level 2.2 Stealth
 + Level 7.2 Shields
 + Level 0.3 Unarmed Combat
 + Level 0.7 Invocations
 + Level 1.8 Evocations


You had 10 spell levels left.
You didn't know any spells.
Your spell library contained the following spells:

 Spells                   Type           Power      Damage    Failure   Level
 Foxfire                  Conj/Fire      0%         2x1d4     96%         1
 Sandblast                Erth           0%         2d4       96%         1
 Sting                    Tmut/Pois      0%         1d3       96%         1
 Blink                    Tloc           0%         N/A       99%         2
 Ensorcelled Hibernation  Hex/Ice        0%         N/A       99%         2
 Lesser Beckoning         Tloc           0%         N/A       99%         2
 Momentum Strike          Conj/Tloc      0%         3d8       99%         2
 Passwall                 Tmut/Erth      0%         N/A       99%         2
 Dazzling Flash           Conj/Hex       0%         N/A       100%        3
 Hailstorm                Conj/Ice       0%         3d3       100%        3
 Mephitic Cloud           Conj/Pois/Air  0%         N/A       100%        3
 Stone Arrow              Conj/Erth      0%         3d7       100%        3
 Vhi's Electric Charge    Tloc/Air       0%         N/A       100%        3
 Volatile Blastmotes      Fire/Tloc      0%         2d10      100%        3
 Airstrike                Air            0%         2d(0-16)  100%        4
 Cause Fear               Hex            0%         N/A       100%        4
 Ice Form                 Ice/Tmut       0%         N/A       100%        4
 Iskenderun's Mystic Bla  Conj/Tloc      0%         2d3       100%        4
 Arcjolt                  Conj/Air       0%         1d10      100%        5
 Fireball                 Conj/Fire      0%         3d3       100%        5
 Silence                  Hex/Air        0%         N/A       100%        5
 Plasma Beam              Fire/Air       0%         2x1d11    100%        6
 Starburst                Conj/Fire      0%         6d3       100%        6
 Dragon Form              Tmut           0%         N/A       100%        7
 Shatter                  Erth           0%         3d5*      100%        9
 Animate Armour           Summ/Erth      Unusable   N/A       N/A         4
 Simulacrum               Ice/Necr       Unusable   N/A       N/A         6
 Dragon's Call            Summ           Unusable   N/A       N/A         9

Dungeon Overview and Level Annotations

Branches:
Dungeon (12/15)            Temple (1/1) D:5            Lair (0/5) D:9
    Orc (0/2) D:12        Gauntlet (1/1)

Altars:
Ashenzari
Cheibriados
Dithmenos
Elyvilon
Fedhas
Gozag
Hepliaklqana
Kikubaaqudgha
Makhleb
Nemelex Xobeh
Okawaru
Qazlal
Ru
Sif Muna
Trog
Uskayaw
Vehumet
Wu Jian
Xom
Yredelemnul
Zin
The Shining One

Shops:
D:8 *   D:10 *[

Annotations:
D:3 3 runed translucent doors, laros's ghost, amateur MiBe Gauntlet 9 transporters, 21 runed translucent doors


Innate Abilities, Weirdness & Mutations

You have a pair of horns on your head.
You reflexively headbutt those who attack you in melee.


Message History

The death scarab draws strength from your injuries!
You barely miss the death scarab. Your headbutt misses the death scarab.
The death scarab bites you but does no damage.
Unknown command.
The wolf howls!
You hear a howl!
The death scarab bites you!
The death scarab draws strength from your injuries!
The death scarab closely misses you.
The wolf howls!
You block the death scarab's attack.
The death scarab bites you but does no damage.
The death scarab bites you!
* * * LOW HITPOINT WARNING * * *
The death scarab drains your vigour!
You feel as though you will be slow longer.
The death scarab draws strength from your injuries!
You feel better.
The death scarab bites you but does no damage.
The death scarab bites you!
* * * LOW HITPOINT WARNING * * *
The death scarab draws strength from your injuries!
Unknown command.
You barely miss the death scarab. The death scarab bites you!
* * * LOW HITPOINT WARNING * * *
The death scarab drains your vigour!
You feel as though you will be slow longer.
The death scarab draws strength from your injuries!
You block the death scarab's attack.
Unknown command.
You hit the death scarab but do no damage.
Your headbutt misses the death scarab. You block the death scarab's attack.
Unknown command.
You feel better.
The death scarab bites you but does no damage.
You barely miss the death scarab. The death scarab misses you.
The death scarab closely misses you.
Unknown command.
You closely miss the death scarab. Your headbutt misses the death scarab.
The death scarab bites you!
You die...

.+...+..####.####.#p#####.......P
.##++#++#..##?....##.#..#..#P..#.
..+..+^.#..#.#hh##h#.#..#5.......
..+..+..#..##h###phh##..#355.....
#########..###########..#########
.................................
..............................∩..
#######..#########..#########..§#
28#8.h#..#......@#..#...^...#..##
..8...#..#.####.B#..#.##.##.#..≈#
.8.8.8####[#...#.#####.(#.†##..##
8.©.8##©©#©#.©.#.#©©#©##©##.#©.≈#
.8.8.8####.#...#.#####..#..##..##
..8...#..#!.####.#..#!##.##.#..≈#
.8#8..#..#.......#..#...^...#..##
#######..#########..#########..≈#
...............................##


You could see a necromancer, a death scarab and 6 wolves.

Vanquished Creatures
  2 two-headed ogres (D:8)
  A spectral hydra (Gauntlet)
  An oklob plant (Gauntlet)
  A cyclops (D:11)
  A gargoyle (D:12)
  An unseen horror (D:11)
  A komodo dragon (D:11)
  3 trolls
  Prince Ribbit (D:5)
  2 shadows
  4 wyverns
  Eustachio (D:4)
  9 yaks (D:10)
  2 wraiths
  2 vampire mosquitoes (D:7)
  Menkaure (D:6)
  An acid dragon (Gauntlet)
  3 water moccasins
  2 orc warriors (D:9)
  3 sky beasts
  3 centaurs
  An ogre (D:6)
  5 kobold brigands
  3 phantoms
  3 bullfrogs
  3 gnoll sergeants
  3 scorpions
  17 wights
  6 killer bees
  A hound (D:5)
  A sleepcap (D:6)
  Jessica (D:2)
  Natasha (thrice) (D:4)
  5 iguanas
  8 orc wizards
  5 adders
  14 gnolls
  3 white imps
  3 ufetubi
  2 worms
  32 orcs
  8 endoplasms
  4 giant cockroaches
  15 goblins
  19 hobgoblins
  8 jackals
  20 kobolds
  5 quokkas
  12 ball pythons
  10 bats
  6 frilled lizards
  3 rats
274 creatures vanquished.

Notes
Turn   | Place    | Note
-------+----------+-------------------------------------------
     0 | D:1      | Peloso the Minotaur Fighter began the quest for the Orb.
     0 | D:1      | Reached XP level 1. HP: 19/19 MP: 0/0
    38 | D:1      | Got the Compilation of the Wyrd
    92 | D:1      | Reached XP level 2. HP: 24/27 MP: 1/1
   500 | D:1      | Reached XP level 3. HP: 33/33 MP: 2/2
   503 | D:1      | Reached skill level 3 in Long Blades
   625 | D:2      | Noticed Jessica
   637 | D:2      | Killed Jessica
   653 | D:2      | Reached XP level 4. HP: 38/40 MP: 3/3
  1020 | D:2      | Reached skill level 4 in Long Blades
  1696 | D:3      | Found a runed translucent gate.
  1697 | D:3      | Found a runed translucent gate.
  1697 | D:3      | Found a runed translucent gate.
  1956 | D:3      | Noticed laros's ghost (amateur MiBe)
  2326 | D:4      | Reached XP level 5. HP: 43/46 MP: 4/4
  2482 | D:4      | Noticed Natasha
  2487 | D:4      | Killed Natasha
  2508 | D:4      | Noticed a phantom
  2520 | D:4      | Noticed Natasha
  2532 | D:4      | Killed Natasha
  2533 | D:4      | Reached skill level 5 in Long Blades
  2537 | D:4      | Killed a phantom
  2538 | D:4      | Reached XP level 6. HP: 30/53 MP: 5/5
  2761 | D:4      | Noticed Natasha
  2779 | D:4      | Killed Natasha
  2780 | D:4      | Reached skill level 5 in Armour
  2782 | D:4      | Noticed Eustachio
  2819 | D:5      | Entered Level 5 of the Dungeon
  2898 | D:4      | Killed Eustachio
  2899 | D:4      | Reached skill level 1 in Dodging
  3182 | D:4      | Found an ornate altar of the Wu Jian Council.
  3385 | D:5      | Found a glowing golden altar of the Shining One.
  3449 | D:5      | Found a sacrificial altar of Ru.
  3526 | D:5      | Reached skill level 6 in Long Blades
  3526 | D:5      | Reached XP level 7. HP: 51/60 MP: 6/6
  3571 | D:5      | Found a staircase to the Ecumenical Temple.
  3581 | Temple   | Entered the Ecumenical Temple
  3700 | D:5      | Reached skill level 5 in Fighting
  3719 | D:5      | Found a burning altar of Makhleb.
  3743 | D:5      | Found a shadowy altar of Dithmenos.
  3951 | D:5      | Noticed Prince Ribbit
  3962 | D:5      | Killed Prince Ribbit
  4113 | D:5      | Reached skill level 7 in Long Blades
  4207 | D:5      | Reached skill level 5 in Shields
  4313 | D:5      | Reached XP level 8. HP: 64/69 MP: 7/7
  5327 | D:6      | Found a blossoming altar of Fedhas.
  5397 | D:6      | Found an iron altar of Okawaru.
  5450 | D:6      | Became a worshipper of Warmaster Okawaru
  5483 | D:6      | Noticed Menkaure
  5512 | D:5      | Reached skill level 1 in Stealth
  5516 | D:5      | Reached skill level 8 in Long Blades
  5703 | D:6      | Killed Menkaure
  5876 | D:6      | Reached * piety under Okawaru
  6365 | D:7      | Found a radiant altar of Vehumet.
  6423 | D:7      | Reached skill level 9 in Long Blades
  6423 | D:7      | Reached XP level 9. HP: 47/78 MP: 2/8
  6616 | D:7      | Found a snail-covered altar of Cheibriados.
  7075 | D:7      | Found a shimmering blue altar of Sif Muna.
  7173 | D:7      | Found a hazy altar of Hepliaklqana.
  7435 | D:7      | Found a bloodstained altar of Trog.
  7663 | D:8      | Noticed a two-headed ogre
  7873 | D:8      | Found Onaishrou's Assorted Antiques.
  7961 | D:8      | Noticed a two-headed ogre
  7976 | D:8      | Killed a two-headed ogre
  7976 | D:8      | Reached ** piety under Okawaru
  7977 | D:8      | Reached skill level 10 in Long Blades
  7977 | D:8      | Reached skill level 1 in Evocations
  8174 | D:8      | Reached skill level 10 in Armour
  8247 | D:8      | Reached XP level 10. HP: 83/86 MP: 9/9
  8417 | D:8      | Killed a two-headed ogre
  8417 | D:8      | Reached *** piety under Okawaru
  8418 | D:8      | Reached skill level 11 in Long Blades
  8738 | D:8      | Got the Omnibus of the Fulgurant Anticline
  9123 | D:9      | Found a shimmering altar of Xom.
  9387 | D:9      | Got the Discursus on the Nauseating Swarm
  9421 | D:9      | Found a staircase to the Lair.
  9805 | D:10     | Entered Level 10 of the Dungeon
  9828 | D:10     | Reached skill level 12 in Long Blades
  9845 | D:10     | Reached **** piety under Okawaru
 10446 | D:10     | Found Vehufa's Antique Armour Shop.
 10451 | D:10     | Bought an ancient chain mail for 199 gold pieces
 10451 | D:10     | Identified the +7 chain mail of Jeduep {Dex+3} (You bought
                  | it in a shop on level 10 of the Dungeon)
 10561 | D:10     | Found Zin's Purification Station.
 10565 | D:10     | Found a glowing silver altar of Zin.
 10676 | D:10     | Reached XP level 11. HP: 95/95 MP: 10/10
 10688 | D:10     | Reached skill level 13 in Long Blades
 11312 | D:11     | Reached ***** piety under Okawaru
 12059 | D:12     | Noticed a skeletal warrior
 12059 | D:12     | Noticed a skeletal warrior
 12059 | D:12     | Noticed a skeletal warrior
 12059 | D:12     | Noticed a skeletal warrior
 12172 | D:12     | Found a gate leading to a gauntlet.
 12181 | Gauntlet | Entered a Gauntlet
 12181 | Gauntlet | Noticed a sixfirhy
 12181 | Gauntlet | Found a transporter.
 12181 | Gauntlet | Found a transporter.
 12181 | Gauntlet | Found a transporter.
 12203 | Gauntlet | Found a transporter.
 12209 | Gauntlet | Noticed a necromancer
 12219 | Gauntlet | Found a transporter.
 12222 | Gauntlet | Found a transporter.
 12224 | Gauntlet | Found a large runed translucent door.
 12225 | Gauntlet | Found a large runed translucent door.
 12226 | Gauntlet | Found a large runed translucent door.
 12226 | Gauntlet | Found a large runed translucent door.
 12226 | Gauntlet | Found a runed translucent door.
 12226 | Gauntlet | Found a runed translucent door.
 12227 | Gauntlet | Found a large runed translucent door.
 12228 | Gauntlet | Found a large runed translucent door.
 12228 | Gauntlet | Found a large runed translucent door.
 12228 | Gauntlet | Found a large runed translucent door.
 12228 | Gauntlet | Found a large runed translucent door.
 12228 | Gauntlet | Found a large runed translucent door.
 12229 | Gauntlet | Found a large runed translucent door.
 12230 | Gauntlet | Found a large runed translucent door.
 12232 | Gauntlet | Found a large runed translucent door.
 12232 | Gauntlet | Found a large runed translucent door.
 12232 | Gauntlet | Found a large runed translucent door.
 12232 | Gauntlet | Found a large runed translucent door.
 12236 | Gauntlet | Found a runed translucent gate.
 12236 | Gauntlet | Found a runed translucent gate.
 12236 | Gauntlet | Found a runed translucent gate.
 12237 | Gauntlet | Noticed a purple ugly thing
 12238 | Gauntlet | Found a transporter.
 12238 | Gauntlet | Noticed a cyan ugly thing
 12238 | Gauntlet | Noticed a great orb of eyes
 12257 | Gauntlet | Found a transporter.
 12257 | Gauntlet | Noticed a balrug
 12261 | Gauntlet | Found a transporter.
 12264 | Gauntlet | Found a transporter.
 12267 | Gauntlet | Noticed a death scarab
 12279 | Gauntlet | Found a transporter.
 12282 | Gauntlet | Found a transporter.
 12283 | Gauntlet | Noticed an oklob plant
 12541 | Gauntlet | Killed an oklob plant
 12541 | Gauntlet | Received a gift from Okawaru
 12591 | Gauntlet | HP: 3/97 [death scarab (11)]
 12595 | Gauntlet | Slain by a death scarab

Illustrated notes

Levels and vault maps discovered:
D:1:      dpeg_arrival_arbitrary_c, layout_basic, minmay_cupped
D:2:      cheibrodos_greedy_goblins, layout_rooms, serial_forest,
          infiniplex_forest_clump_small, infiniplex_forest_lined_2,
          infiniplex_forest_clump_double, infiniplex_forest_clump_double,
          infiniplex_forest_straight_2, infiniplex_forest_lined_room_2,
          infiniplex_forest_clump_double, infiniplex_forest_split,
          minmay_misc_feat_rugged, grunt_ministairs_3, uniq_jessica
D:3:      layout_loops_cross, gammafunk_ghost_icy, minivault_19
D:4:      layout_loops_ring, mainiacjoe_overflow_six_doors_small, serial_bayou,
          serial_bayou_lagoon_a, serial_bayou_ford_a, serial_bayou_pond_d,
          serial_bayou_pond_b, uniq_eustachio, uniq_natasha
D:5:      nicolae_BIG_FREAKIN_CUBE, layout_loops_ring, lemuel_doored_altar,
          tso_metal_star, nicolae_ru_awakened_eye,
          nicolae_overflow_crystal_walls, minmay_temple_entry_fiery,
          uniq_prince_ribbit1
D:6:      layout_gridville, lemuel_tele_altar, mainiacjoe_overflow_tiny_flanked,
          uniq_menkaure
D:7:      layout_loops_corners, mainiacjoe_overflow_surrounded_room,
          kennysheep_mini, trog_book, mainiacjoe_overflow_alcove_1,
          kennysheep_little_box
D:8:      minmay_general_purpose_star, layout_loops_ring, serial_shops,
          nicolae_shop_tiny_glass
D:9:      layout_roguey, mainiacjoe_overflow_concentric_impassable,
          dpeg_oklobed_lair
D:10:     layout_stronghold, zin_purify, serial_shops,
          nicolae_shop_overgrown_old_shop
D:11:     layout_loops_corners
D:12:     nzn_winding_woodlands_three_and_one
          [nzn_winding_woodlands_5x15_sawtooth,
          nzn_winding_woodlands_5x15_split_checker,
          nzn_winding_woodlands_5x15_twine,
          nzn_winding_woodlands_center_triple_pond], layout_stronghold,
          david_orc_5, gauntlet_entry_generic
Temple:   nicolae_temple_colour_theory
Gauntlet: minmay_gauntlet_mixed_big_or_small [gammafunk_gauntlet_arena_hedges,
          minmay_gauntlet_arena_77_braids, gammafunk_gauntlet_arena_mazey,
          minmay_gauntlet_arena_77_box,
          minmay_gauntlet_arena_make_your_own_arena,
          minmay_gauntlet_arena_77_terracotta_army, gauntlet_exit_hidden_loot]

Skill      XL: |  1  2  3  4  5  6  7  8  9 10 11 |
---------------+----------------------------------+-----
Shields        | 4 5 6 7 |  7.2
Armour         | 4 6 7 8 10 11 | 11.7
Long Blades    | 3 4 5 6 7 9 10 12 13 | 13.8
Fighting       | 4 5 6 7 8 9 |  9.8
Dodging        | 1 2 3 4 |  4.6
Stealth        | 1 2 |  2.2
Evocations     | 1 |  1.8
Unarmed Combat | |  0.3
Invocations    | |  0.7

Action                     |  1- 3 |  4- 6 |  7- 9 | 10-12 || total
---------------------------+-------+-------+-------+-------++-------
  Melee: Long sword        |    66 |   330 |   255 |       ||   651
         Headbutt          |    10 |    66 |    59 |    67 ||   202
         Unarmed           |     7 |       |       |       ||     7
         Scimitar          |       |       |    14 |   344 ||   358
 Invoke: Heroism           |       |       |     2 |     3 ||     5
  Evoke: Wand              |       |       |    11 |     1 ||    12
    Use: Potion            |     3 |     3 |     1 |     2 ||     9
         Scroll            |     3 |     2 |     6 |     6 ||    17
 Armour: Scale mail        |    40 |    98 |    83 |       ||   221
         Plate armour      |       |       |    17 |    73 ||    90
         Chain mail        |       |       |       |    67 ||    67
  Dodge: Dodged            |    46 |    83 |   165 |   169 ||   463
  Block: Buckler           |    20 |    69 |    56 |    63 ||   208
